 Dungeon Crawl Stone Soup version 0.23.0-3-gf3c87f2 (webtiles) character file.

Game seed: 1352485830313617388

218 Madoushi the Firebug (level 5, 0/39 HPs)
             Began as a Draconian Fire Elementalist on Feb 22, 2019.
             Was a Follower of Vehumet.
             Slain by a leopard gecko (2 damage)
             ... on level 3 of the Dungeon.
             The game lasted 00:16:42 (5527 turns).

Madoushi the Firebug (Draconian Fire Elementalist)  Turns: 5527, Time: 00:16:44

Health: 0/39       AC:  5    Str: 12    XL:     5   Next: 63%
Magic:  8/8        EV: 13    Int: 15    God:    Vehumet [*.....]
Gold:   241        SH:  0    Dex: 11    Spells: 7/8 levels left

rFire    . . .     SeeInvis .   l - +3 spear (venom)
rCold    . . .     Gourm    .   (no shield)
rNeg     . . .     Faith    .   (armour unavailable)
rPois    .         Spirit   .   (helmet restricted)
rElec    .         Reflect  .   (no cloak)
rCorr    +         Harm     .   (no gloves)
MR       .....                  (no boots)
Stlth    +++.......             (no amulet)
HPRegen  0.13/turn              a - ring of stealth
MPRegen  0.11/turn              q - ring of resist corrosion

@: no status effects
A: unfitting armour, cold-blooded, AC +5
a: Renounce Religion


You were on level 3 of the Dungeon.
You worshipped Vehumet.
Vehumet was aware of your devotion.
You were very hungry.

You visited 1 branch of the dungeon, and saw 4 of its levels.

You collected 241 gold pieces.

Inventory:

Hand Weapons
 l - a +3 spear of venom (weapon)
 m - a +0 dagger
Armour
 i - a cursed +0 ring mail
Jewellery
 a - a ring of stealth (left hand)
 q - a ring of resist corrosion (right hand)
Scrolls
 c - 5 scrolls of identify
 e - 2 scrolls of remove curse {unknown}
 f - 3 scrolls of teleportation {unknown}
 g - a scroll of enchant armour {unknown}
 o - a scroll of fog {unknown}
 s - a scroll of fear {unknown}
 t - a scroll of noise {unknown}
 w - a scroll of blinking {unknown}
Potions
 d - a potion of magic {unknown}
 h - 3 potions of curing
 j - a potion of lignification {unknown}
 k - a potion of resistance {unknown}
 p - a potion of haste {unknown}
 r - a potion of agility {unknown}
 u - a potion of experience {unknown}
 v - a potion of mutation {unknown}
Comestibles
 b - 3 rations


   Skills:
 + Level 0.5 Fighting
 + Level 2.6 Polearms
 + Level 3.2 Dodging
 + Level 2.4 Stealth
 + Level 1.4 Unarmed Combat
 + Level 2.4 Spellcasting
 + Level 1.2 Conjurations
 + Level 3.4 Fire Magic


You had 7 spell levels left.
You knew the following spells:

 Your Spells              Type           Power        Failure   Level  Hunger
a - Flame Tongue          Conj/Fire      #....        9%          1    #......

Your spell library contained the following spells:

 Spells                   Type           Power        Failure   Level  Hunger
 Sandblast                Erth           #.....       22%         1    #......
 Throw Flame              Conj/Fire      #.....       12%         2    ###....
 Conjure Flame            Conj/Fire      #.......     24%         3    ###....
 Inner Flame              Hex/Fire       #.......     32%         3    ###....
 Sticky Flame             Conj/Fire      #.......     63%         4    #####..
 Fireball                 Conj/Fire      #.........   92%         5    ######.


Dungeon Overview and Level Annotations

Branches:
Dungeon (4/15)
 Temple: D:4-7

Altars:
Ashenzari
Elyvilon
Vehumet
The Shining One


Innate Abilities, Weirdness & Mutations

Your plain brown scales are hard. (AC +5)
You cannot fit into any form of body armour.
You are cold-blooded and may be slowed by cold attacks.


Message History

You climb upwards.
There is a stone staircase leading down here.
Okay, then.
Okay, then.
As you read the scroll labeled FEAH PIFOMOPS, it crumbles to dust.
It is a scroll of enchant weapon.
Your +2 spear of venom glows red for a moment.
You kill the orc!
Vehumet accepts your kill.
You kill the orc!
Vehumet accepts your kill.
The leopard gecko bites you but does no damage.
The orc closely misses you. The leopard gecko bites you.
* * * LOW HITPOINT WARNING * * *
The orc hits you but does no damage.
The leopard gecko bites you but does no damage.
Things that are here:
a +0 falchion; an orc corpse The leopard gecko bites you.
You die...

......# #.# #.###########.....
#####.######.###)###########.###.
................>..........#.# #.
#####..........#)#.#######.#.# #.
....'..........#.#.#######.#.# #.
#####..........#.#.........#.###.
...####'#####..#o#<..............
##.####.#####..#l#...........###.
...............#@#.###.#########.
.#.####..####.##.#.# #...........
..<#.............#.# #.##########
.#.#.###.####.####.# #.# ...#.#
#(.# #.# #.# #.# .###.# ##.###.#
#.# #.# ...#.####..##.# #.# #.#
###.....).....# #.# #.#
....######.)..# #.# #.#


You could see an orc and a leopard gecko.

Vanquished Creatures
  A worker ant (D:3)
  Natasha (D:2)
  7 gnolls (D:3)
  2 adders (D:3)
  2 worms (D:2)
  3 leopard geckos
  6 orcs (D:3)
  9 giant cockroaches
  9 goblins
  4 hobgoblins
  2 jackals (D:1)
  10 bats
  5 frilled lizards
  8 kobolds
  7 rats
76 creatures vanquished.

Vanquished Creatures (others)
  A bat (D:2)
  A kobold (D:2)
2 creatures vanquished.

Grand Total: 78 creatures vanquished

Notes
Turn   | Place    | Note
-------+----------+-------------------------------------------
     0 | D:1      | Madoushi the Draconian Fire Elementalist began the quest
                  | for the Orb.
     0 | D:1      | Reached XP level 1. HP: 14/14 MP: 3/3
   395 | D:1      | Reached XP level 2. HP: 15/20 MP: 5/5
  1557 | D:2      | Reached XP level 3. HP: 10/26 MP: 6/6
  2653 | D:2      | Noticed Natasha
  2948 | D:2      | Found a white marble altar of Elyvilon.
  3158 | D:2      | Found a shattered altar of Ashenzari.
  3176 | D:2      | Found a radiant altar of Vehumet.
  3188 | D:2      | Became a worshipper of Vehumet
  3196 | D:2      | Found a glowing golden altar of the Shining One.
  3354 | D:2      | Killed Natasha
  3354 | D:2      | Reached skill level 1 in Unarmed Combat
  3354 | D:2      | Reached XP level 4. HP: 33/33 MP: 7/7
  3775 | D:3      | Reached skill level 1 in Polearms
  4208 | D:3      | Reached XP level 5. HP: 38/38 MP: 5/8
  4213 | D:3      | Reached * piety under Vehumet
  4213 | D:3      | Offered knowledge of Sandblast by Vehumet.
  4836 | D:4      | Noticed a phantom
  5521 | D:3      | HP: 1/39 [leopard gecko (3)]
  5527 | D:3      | Slain by a leopard gecko

Skill      XL: |  1  2  3  4  5 |
---------------+----------------+-----
Dodging        | 2 3 |  3.2
Stealth        | 2 |  2.4
Unarmed Combat | 1 |  1.4
Polearms       | 1 2 |  2.6
Fighting       | |  0.5
Spellcasting   | |  2.4
Conjurations   | |  1.2
Fire Magic     | |  3.4

Action                   |  1- 3 |  4- 6 || total
-------------------------+-------+-------++-------
Melee: Unarmed           |   115 |       ||   115
       Tailslap          |    12 |     7 ||    19
       Spear             |    33 |   100 ||   133
       Punch             |       |     2 ||     2
 Cast: Flame Tongue      |    21 |    17 ||    38
  Use: Scroll            |       |     2 ||     2
 Stab: Sleeping          |     3 |     2 ||     5
       Distracted        |     1 |       ||     1
  Eat: Chunk             |     4 |     3 ||     7
       Ration            |     1 |     1 ||     2
Armor: Skin              |    83 |    37 ||   120
Dodge: Dodged            |   140 |    71 ||   211
